 Dungeon Crawl Stone Soup version 0.24.0-123-gd5b16e6ec5 (webtiles) character file.

Game seed: 5189654562203348609, levelgen mode: deterministic

23 Curus the Chopper (level 2, -5/28 HPs)
             Began as a Hill Orc Abyssal Knight on Jan 23, 2020.
             Was a Follower of Lugonu.
             Slain by a gnoll
             ... wielding a +0 flail
              (8 damage)
             ... on level 2 of the Dungeon.
             The game lasted 00:03:37 (1043 turns).

Curus the Chopper (Hill Orc Abyssal Knight)         Turns: 1043, Time: 00:03:39

Health: -5/28      AC:  3    Str: 12 (14) XL:     2   Next: 95%
Magic:  4/4        EV: 11    Int: 10 (12) God:    Lugonu [*.....]
Gold:   122        SH:  0    Dex:  9 (10) Spells: 1/1 levels left

rFire    . . .     SeeInvis .   a - +1 hand axe
rCold    . . .     Gourm    .   (no shield)
rNeg     . . .     Faith    .   b - +0 leather armour
rPois    .         Spirit   .   (helmet restricted)
rElec    .         Reflect  .   (no cloak)
rCorr    .         Harm     .   (no gloves)
MR       .....                  (no boots)
Stlth    +.........             (no amulet)
HPRegen  0.09/turn              g - -3 ring of slaying (curse)
MPRegen  0.09/turn              (no ring)

@: lethally poisoned (-5 -> -9)
A: beak, claws 1, robust 1, evolution 1
a: Depart the Abyss, Renounce Religion


You were on level 2 of the Dungeon.
You worshipped Lugonu.
Lugonu was aware of your devotion.
You were not hungry.

You visited 1 branch of the dungeon, and saw 2 of its levels.
You visited the Abyss 1 time.

You collected 122 gold pieces.

Inventory:

Hand Weapons
 a - a +1 hand axe (weapon)
Armour
 b - a +0 leather armour (worn)
Jewellery
 g - a cursed -3 ring of slaying (left claw)
Scrolls
 f - 2 scrolls of identify
Potions
 d - a potion of magic
Comestibles
 c - 3 rations


   Skills:
 - Level 3.6 Fighting
 + Level 3.7 Axes
 - Level 2.1 Armour
 - Level 0.7 Dodging
 + Level 3.5 Invocations


You had one spell level left.
You didn't know any spells.
Your spell library was empty.

Dungeon Overview and Level Annotations

Branches:
Dungeon (2/15)

Altars:


Innate Abilities, Weirdness & Mutations

You have a beak for a mouth.
You have sharp fingernails.
You are robust. (+10% HP)
You evolve.


Message History

You feel sick. The adder bites you.
* * * LOW HITPOINT WARNING * * *
The gnoll barely misses you.
Okay, then.
Unknown command.
Unknown command.
You hit the adder but do no damage. Your peck misses the adder.
The adder is lightly wounded.
You hit the gnoll. You barely miss the gnoll.
The gnoll hits you with a +0 flail.
* * * LOW HITPOINT WARNING * * *
The adder barely misses you. The gnoll closely misses you.
The adder bites you but does no damage.
You barely miss the adder.
The adder is lightly wounded.
You hit the gnoll. You barely miss the gnoll.
You feel sick. The gnoll barely misses you. The adder bites you.
* * * LOW HITPOINT WARNING * * *
The gnoll hits you with a +0 flail!
You die...

####### #.....# .......
#.....# ....l.. #.....#
..g..w. #.....# .....S.
#.....# ....... #.....#
......w########.....#######
......gglS@gg......†.......
r......####g......÷........
..................#########
..................#
....##............# ###.
#............# .
....##.####### ####### .
.... #.# #...... ... ..
#......


You could see a worm, 4 gnolls, an adder, a hobgoblin and a frilled lizard.

Vanquished Creatures
  2 dart slugs (D:1)
  2 bats (D:1)
  A giant cockroach (D:2)
  A goblin (D:1)
  A hobgoblin (D:1)
  2 jackals (D:1)
  A quokka (D:2)
  3 kobolds
  5 rats
18 creatures vanquished.

Notes
Turn   | Place    | Note
-------+----------+-------------------------------------------
     0 | Abyss:1  | Curus the Hill Orc Abyssal Knight began the quest for the
                  | Orb.
     0 | Abyss:1  | Reached XP level 1. HP: 19/19 MP: 2/2
    42 | Abyss:1  | Noticed a wretched star
    43 | D:1      | Escaped the Abyss
   109 | D:1      | Gained mutation: You have a beak for a mouth. [potion of
                  | mutation]
   109 | D:1      | Gained mutation: You are robust. (+10% HP) [potion of
                  | mutation]
   109 | D:1      | Gained mutation: You have sharp fingernails. [potion of
                  | mutation]
   109 | D:1      | Gained mutation: You evolve. [potion of mutation]
   241 | D:1      | Reached XP level 2. HP: 26/28 MP: 4/4
   466 | D:1      | Reached * piety under Lugonu
  1043 | D:2      | Slain by a gnoll

Levels and vault maps discovered:
D:1:      minmay_arrival_diagonal_passages, layout_loops_ring
D:2:      layout_basic

Skill      XL: |  1  2 |
---------------+-------+-----
Axes           | 3 |  3.7
Invocations    | 3 |  3.5
Fighting       | |  3.6
Armour         | |  2.1
Dodging        | |  0.7

Action                   || total
-------------------------++-------
Melee: Hand axe          ||    72
       Peck              ||     5
Invok: Depart the Abyss  ||     1
  Use: Potion            ||     7
       Scroll            ||     3
Armor: Leather armour    ||    20
Dodge: Dodged            ||    52
